 Dungeon Crawl Stone Soup version 0.27-a0-277-g024f7ef292 (webtiles) character file.

Game seed: 16150272814811213305

6374 Murumi the Blocker (level 10, -7/98 HPs)
             Began as an Ogre Conjurer on Feb 5, 2021.
             Was an Elder of Okawaru.
             Mangled by Erica
             ... wielding a +1 scimitar of flaming
              (9 damage)
             ... on level 8 of the Dungeon.
             The game lasted 00:49:35 (13726 turns).

Murumi the Blocker (Ogre Conjurer)                 Turns: 13726, Time: 00:49:36

Health: -7/98      AC:  5    Str: 22    XL:     10   Next: 97%
Magic:  0/14       EV: 14    Int: 19    God:    Okawaru [****..]
Gold:   525        SH:  0    Dex:  7    Spells: 13/15 levels left

rFire    . . .     SeeInvis .   I - +1 whip (freeze)
rCold    . . .     Faith    .   (no shield)
rNeg     . . .     Spirit   +   a - +0 robe
rPois    .         Reflect  .   (helmet restricted)
rElec    .         Harm     .   t - +1 cloak
rCorr    .         Rampage  .   (gloves unavailable)
Will     +....                  (boots unavailable)
Stlth    ++........             F - amulet of guardian spirit
HPRegen  0.26/turn              G - +4 ring of evasion
MPRegen  0.14/turn              s - +6 ring of strength

@: no status effects
A: large, unfitting armour, tough skin 1
a: Renounce Religion, Heroism


You were on level 8 of the Dungeon.
You worshipped Okawaru.
Okawaru was greatly pleased with you.
You visited 1 branch of the dungeon, and saw 8 of its levels.
You also visited: Ossuary.

You collected 540 gold pieces.
You spent 15 gold pieces at shops.

Inventory:

Hand Weapons
 p - a +1 flail
 v - a +0 giant spiked club
 I - a +1 whip of freezing (weapon)
Missiles
 b - 377 stones
 d - 81 poisoned darts (quivered)
 j - 3 silver boomerangs
 A - 18 boomerangs
Armour
 a - a +0 robe (worn)
 t - a +1 cloak (worn)
 H - a +0 kite shield
Jewellery
 s - a +6 ring of strength (right hand)
 B - an uncursed ring of protection from cold
 E - an uncursed ring of resist corrosion
 F - an amulet of guardian spirit (around neck)
 G - a +4 ring of evasion (left hand)
Wands
 g - a wand of random effects (31)
 l - a wand of iceblast (11)
 D - a wand of flame (14)
Scrolls
 n - 8 scrolls of remove curse
 y - 2 scrolls of magic mapping
 z - 2 scrolls of teleportation
Potions
 c - 2 potions of curing
 e - 3 potions of attraction
 f - 2 potions of ambrosia
 h - a potion of cancellation
 i - 4 potions of mutation
 k - 2 potions of magic {unknown}
 m - a potion of brilliance
 o - 3 potions of might
 w - 6 potions of flight
 x - 2 potions of resistance
 C - a potion of haste


   Skills:
 - Level 6.0 Fighting
 - Level 6.0 Maces & Flails
 - Level 7.0 Throwing
 - Level 3.0 Dodging
 - Level 5.0 Stealth
 + Level 8.9 Shields
 - Level 3.0 Spellcasting
 - Level 4.0 Conjurations
 - Level 2.0 Invocations
 - Level 1.0 Evocations


You had 13 spell levels left.
You knew the following spells:

 Your Spells              Type           Power        Failure   Level
b - Searing Ray           Conj           36%          4%          2

Your spell library contained the following spells:

 Spells                   Type           Power        Failure   Level
 Magic Dart               Conj           72%          3%          1
 Animate Skeleton         Necr           4%           16%         1
 Apportation              Tloc           4%           16%         1
 Beastly Appendage        Tmut           4%           16%         1
 Corona                   Hex            2%           16%         1
 Summon Small Mammal      Summ           8%           16%         1
 Dazzling Flash           Conj/Hex       20%          21%         3
 Wereblood                Tmut           2%           22%         2
 Confusing Touch          Hex            2%           41%         3
 Gell's Gravitas          Tloc           1%           41%         3
 Spider Form              Tmut/Pois      1%           41%         3
 Fulminant Prism          Conj/Hex       5%           54%         4
 Iskenderun's Mystic Bla  Conj/Tloc      10%          54%         4
 Ice Form                 Ice/Tmut       2%           83%         4
 Petrify                  Tmut/Erth      2%           83%         4
 Blade Hands              Tmut           1%           99%         5
 Metabolic Englaciation   Hex/Ice        1%           99%         5
 Yara's Violent Unravell  Hex/Tmut       1%           99%         5


Dungeon Overview and Level Annotations

Branches:
Dungeon (8/15)             Temple (0/1) D:4            Lair (0/6) D:8
Ossuary (visited)

Altars:
Fedhas
Hepliaklqana
Kikubaaqudgha
Makhleb
Nemelex Xobeh
Okawaru
Ru
Sif Muna
Wu Jian
Xom
The Shining One

Shops:
D:8 !

Annotations:
D:8 Erica


Innate Abilities, Weirdness & Mutations

You are too large for most types of armour.
You have tough skin. (AC +1)


Message History

* * * LOW HITPOINT WARNING * * *
Something burns you.
* * * LOW HITPOINT WARNING * * *
You completely miss something. Something hits you but does no damage.
There's something in the way.
There's something in the way.
You barely miss something. Something hits you but does no damage.
You miss something.
You hear some strange, mumbled words.
A bolt of poison appears from out of thin air!
The bolt of poison hits you! You resist.
* * * LOW HITPOINT WARNING * * *
Unknown command.
Your magical effects are unravelling.
You feel magically purged.
You feel less wooden.
Your +1 cloak unmelds from your body.
Your +0 robe unmelds from your body.
You feel less confused. Something hits you!
You die...

...# . #.##.#... ##.### (###
#.##.##.. .#...# ..# ####.#...#.)
.#...# ... ..#..<...... .#...#
#.# #.#.##<..### .....# #.#
#.#.###.#### #..#.# #.#
#.#.###..... #..#.## #{#
#........... #...>.# #@#
#...#######. ...#..#
#.#####..)### #. ...#).####.#
#...........# #. ####.......#
#######...#.# #. #####.####.#
#...#.#####.
.......(...###########...#.......
###.#.####.#.....<)).....#######.
##....# #.#.#########...[.# #.
#.###.## #.#.# #..##.# #.


There were no monsters in sight!

Vanquished Creatures
  Harold (D:8)
  Pikel (D:8)
  Sigmund (D:2)
  3 wyverns (D:8)
  4 yaks (D:8)
  Grum (D:8)
  A basilisk (D:8)
  5 water moccasins (D:8)
  Duvessa (D:5)
  A sky beast (D:5)
  A black bear (D:6)
  A hornet zombie (D:7)
  An ice beast (D:6)
  2 wolves (D:8)
  3 ogres
  4 lemures (D:7)
  2 centaurs
  2 phantoms
  2 bullfrogs
  Blork the orc (D:5)
  Dowan (D:5)
  A scorpion (D:5)
  3 wights (D:3)
  6 killer bees
  2 howler monkeys
  A centaur zombie (D:8)
  4 crimson imps (D:4)
  4 hounds
  4 jellies
  3 orc priests
  Crazy Yiuf (D:3)
  A bullfrog skeleton (D:8)
  3 iguanas
  Jessica (D:2)
  Natasha (thrice) (D:3)
  5 worker ants
  3 orc wizards
  A killer bee zombie (D:5)
  4 mummies (Ossuary)
  A worker ant zombie (D:8)
  Robin (D:2)
  12 adders
  A gnoll (D:1)
  A shadow imp (D:5)
  3 white imps
  3 ufetubi
  An ooze (D:3)
  An adder skeleton (D:7)
  4 adder zombies (Ossuary)
  A worm (D:5)
  A dart slug (D:1)
  5 leopard geckos
  32 orcs
  8 bats
  4 giant cockroaches
  A gnoll zombie (Ossuary)
  13 goblins
  12 hobgoblins
  9 jackals
  A quokka (D:4)
  2 ball pythons
  6 frilled lizards
  2 hobgoblin zombies (Ossuary)
  A jackal skeleton (D:8)
  A jackal zombie (Ossuary)
  6 kobolds
  4 kobold zombies (Ossuary)
  2 leopard gecko skeletons
  2 quokka skeletons
  3 rats
233 creatures vanquished.

Vanquished Creatures (others)
  4 bushes (D:8)
  9 fungi
  19 plants (D:8)
32 creatures vanquished.

Grand Total: 265 creatures vanquished

Notes
Turn   | Place    | Note
-------+----------+-------------------------------------------
     0 | D:1      | Murumi the Ogre Conjurer began the quest for the Orb.
     0 | D:1      | Reached XP level 1. HP: 16/16 MP: 3/3
   232 | D:1      | Reached XP level 2. HP: 24/24 MP: 1/5
   310 | D:1      | Learned a level 2 spell: Searing Ray
   632 | D:1      | Reached XP level 3. HP: 31/31 MP: 1/7
  1300 | D:2      | Noticed Jessica
  1304 | D:2      | Killed Jessica
  1305 | D:2      | Reached skill level 1 in Throwing
  1305 | D:2      | Reached skill level 1 in Maces & Flails
  1305 | D:2      | Reached skill level 1 in Fighting
  1305 | D:2      | Reached XP level 4. HP: 41/41 MP: 2/8
  1523 | D:2      | Found a blossoming altar of Fedhas.
  1528 | D:2      | Found a burning altar of Makhleb.
  1791 | D:2      | Noticed Sigmund
  1796 | D:2      | Killed Sigmund
  1797 | D:2      | Reached XP level 5. HP: 49/49 MP: 2/9
  1797 | D:2      | Reached XP level 6. HP: 57/57 MP: 2/10
  1845 | D:2      | Found an iron altar of Okawaru.
  1845 | D:2      | Found a sacrificial altar of Ru.
  1850 | D:2      | Became a worshipper of Warmaster Okawaru
  1915 | D:2      | Noticed Robin
  1927 | D:2      | Killed Robin
  2477 | D:3      | Reached skill level 1 in Invocations
  2782 | D:3      | Reached * piety under Okawaru
  2783 | D:3      | Reached XP level 7. HP: 52/67 MP: 3/11
  2864 | D:3      | Noticed Natasha
  2871 | D:3      | Killed Natasha
  2947 | D:3      | Found an ancient bone altar of Kikubaaqudgha.
  3477 | D:3      | Noticed Natasha
  3482 | D:3      | Killed Natasha
  3682 | D:3      | Noticed Natasha
  3705 | D:3      | Killed Natasha
  3768 | D:3      | Found a runed translucent door.
  3769 | D:3      | Noticed Crazy Yiuf
  3793 | D:3      | Found a glowing golden altar of the Shining One.
  3827 | D:3      | Killed Crazy Yiuf
  4089 | D:4      | Found a hazy altar of Hepliaklqana.
  4134 | D:4      | Found a shimmering altar of Xom.
  4264 | D:4      | Reached skill level 1 in Evocations
  4314 | D:4      | Reached XP level 8. HP: 46/78 MP: 6/12
  4349 | D:4      | Found a staircase to the Ecumenical Temple.
  4353 | D:4      | Found a sand-covered staircase.
  4358 | Ossuary  | Entered an ossuary
  4727 | Ossuary  | Reached skill level 5 in Throwing
  5586 | D:5      | Entered Level 5 of the Dungeon
  6269 | D:5      | Noticed Blork the orc
  6274 | D:5      | Killed Blork the orc
  6275 | D:5      | Reached skill level 5 in Maces & Flails
  6429 | D:5      | Noticed Dowan
  6444 | D:5      | Noticed Duvessa
  6466 | D:5      | Killed Duvessa
  6469 | D:5      | Killed Dowan
  6777 | D:5      | Reached skill level 5 in Fighting
  6997 | D:5      | Reached ** piety under Okawaru
  6998 | D:5      | Reached XP level 9. HP: 79/88 MP: 9/13
  8461 | D:6      | Found an ornate altar of the Wu Jian Council.
  9606 | D:7      | Reached skill level 5 in Stealth
 10173 | D:7      | Found a shimmering blue altar of Sif Muna.
 11269 | D:8      | Noticed Pikel
 11510 | D:8      | Killed Pikel
 11511 | D:8      | Reached skill level 3 in Shields
 11511 | D:8      | Reached XP level 10. HP: 61/98 MP: 1/14
 11662 | D:8      | Found a sparkling altar of Nemelex Xobeh.
 11772 | D:8      | Reached skill level 4 in Shields
 12042 | D:8      | Reached *** piety under Okawaru
 12083 | D:8      | Reached skill level 5 in Shields
 12474 | D:8      | Reached skill level 6 in Shields
 12570 | D:8      | Noticed Harold
 12602 | D:8      | Killed Harold
 12602 | D:8      | Received a gift from Okawaru
 12602 | D:8      | Reached **** piety under Okawaru
 12603 | D:8      | Reached skill level 7 in Shields
 12628 | D:8      | HP: 1/98 [bullfrog skeleton (5)]
 12629 | D:8      | Reached skill level 8 in Shields
 13013 | D:8      | Found a staircase to the Lair.
 13026 | D:8      | Found Omaryzix's Distillery.
 13034 | D:8      | Bought a potion of degeneration for 15 gold pieces
 13038 | D:8      | Noticed Grum
 13062 | D:8      | Killed Grum
 13697 | D:8      | Noticed Erica
 13725 | D:8      | HP: 3/147 [something/bolt of poison (8)]
 13726 | D:8      | Mangled by Erica

Illustrated notes

Levels and vault maps discovered:
D:1:      dpeg_arrival_short_road, layout_basic, minmay_misc_feat_encased,
          minivault_5, minmay_misc_feat_pillars
D:2:      layout_basic, gammafunk_temple_overflow_statue,
          nicolae_overflow_hidden_temple, uniq_jessica, uniq_sigmund, uniq_robin
D:3:      layout_loops_ring, lemuel_doored_altar, tso_altar, uniq_natasha,
          uniq_crazy_yiuf_cottage
D:4:      layout_gridville, led_xom_imps, nzn_hepliaklqana_mist_gate,
          minmay_temple_entry_statues_fountains, enter_ossuary_2, serial_glass,
          glass_columns_b, glass_columns_b, glass_columns_b, glass_columns_b,
          dk_rats_in_the_wall
D:5:      layout_loops_ring, uniq_duvessa, uniq_blork_the_orc
D:6:      layout_basic, kennysheep_mini_moat, serial_corexii_hall,
          chequers_hall_statues_wall_a, chequers_hall_statues_y,
          chequers_hall_statues_y, chequers_hall_statues_wall_a,
          chequers_serial_rivers_large_a, sigmund_army
D:7:      layout_basic, david_defended_altar_elf
D:8:      layout_loops_ring, nicolae_overflow_crystal_walls,
          minmay_lair_entry_grove, serial_shops, shop, uniq_erica, uniq_pikel,
          uniq_grum, uniq_harold

Skill      XL: |  1  2  3  4  5  6  7  8  9 10 |
---------------+-------------------------------+-----
Conjurations   | 4 |  4.0
Spellcasting   | 3 |  3.0
Dodging        | 2 3 |  3.0
Stealth        | 2 3 4 5 |  5.0
Throwing       | 1 3 4 6 7 |  7.0
Maces & Flails | 1 2 3 4 5 6 |  6.0
Fighting       | 1 2 3 4 5 6 |  6.0
Invocations    | 1 2 |  2.0
Evocations     | 1 |  1.0
Shields        | 3 8 |  8.9

Action                   |  1- 3 |  4- 6 |  7- 9 | 10-12 || total
-------------------------+-------+-------+-------+-------++-------
Melee: Club              |     6 |    22 |       |       ||    28
       Flail             |       |    14 |       |       ||    14
       Whip              |       |       |   332 |   144 ||   476
Throw: Dart              |     5 |       |    50 |    40 ||    95
       Stone             |     4 |    11 |   215 |    38 ||   268
       Boomerang         |       |       |     2 |     8 ||    10
 Cast: Magic Dart        |    38 |    42 |     1 |       ||    81
       Searing Ray       |     3 |    13 |    61 |    10 ||    87
Invok: Heroism           |       |       |     7 |     2 ||     9
  Use: Scroll            |     4 |     6 |    11 |     3 ||    24
       Potion            |       |       |     2 |     8 ||    10
 Stab: Sleeping          |       |       |     6 |     1 ||     7
       Invisible         |       |       |     2 |       ||     2
Armor: Robe              |     8 |    18 |   107 |    17 ||   150
       Skin              |       |       |       |    21 ||    21
Dodge: Dodged            |    10 |    29 |   221 |    70 ||   330

Table legend: (Time is in decaauts)
 A = Elapsed time spent in this place.
 B = Non-inter-level travel time spent in this place.
 C = Inter-level travel time spent in this place.
 D = Time resting spent in this place.
 E = Time spent auto-exploring this place.
 F = Levels seen in this place.
 G = Mean time per level.
                   A        B        C        D        E       F      G
               +--------+--------+--------+--------+--------+-----+--------+
         Total |  13574 |  12818 |    756 |    480 |  10380 |   9 | 1508.2 |
       Dungeon |  12784 |  12028 |    756 |    480 |   9727 |   8 | 1598.0 |
       Ossuary |    790 |    790 |      0 |      0 |    653 |   1 |  790.0 |
               +--------+--------+--------+--------+--------+-----+--------+

Top non-repeatable levels by time:
     D:7: 2361 daAuts
     D:8: 2239 daAuts
     D:6: 1781 daAuts
     D:3: 1605 daAuts
     D:5: 1543 daAuts
     D:1: 1345 daAuts
     D:2: 1051 daAuts
     D:4: 855 daAuts
 Ossuary: 790 daAuts
